 Dungeon Crawl Stone Soup version 0.28.0-53-g5a82cb258f (webtiles) character file.

Game seed: 10344925087031010633

42 RUZZLEFAZAZZLE the Poker (level 3, -2/35 HPs)
             Began as a Gnoll Cinder Acolyte on July 4, 2022.
             Was a High Priest of Ignis.
             Slain by a gnoll
             ... wielding a +0 whip
              (5 damage)
             ... on level 2 of the Dungeon.
             The game lasted 00:03:19 (1275 turns).

RUZZLEFAZAZZLE the Poker (Gnoll Cinder Acolyte)     Turns: 1275, Time: 00:03:20

Health: -2/35      AC:  2    Str: 15    XL:     3   Next: 56%
Magic:  7/7        EV: 11    Int: 13    God:    Ignis [*****.]
Gold:   87         SH:  3    Dex:  7    Spells: 7/7 levels left

rFire   + . .      SeeInvis .   a - -1 spear (flame)
rCold   . . .      Faith    .   c - +0 buckler
rNeg    . . .      Spirit   .   b - +0 robe
rPois   .          Reflect  .   (no helmet)
rElec   .          Harm     .   (no cloak)
rCorr   .          Rampage  .   (no gloves)
Will    +....                   (no boots)
Stlth   +.........              (no amulet)
HPRegen 0.11/turn               e - ring of willpower
MPRegen 0.10/turn               (no ring)

@: no status effects
A: fangs 1, strong nose, distributed training
a: Renounce Religion, Fiery Armour, Foxfire Swarm, Rising Flame


You were on level 2 of the Dungeon.
You worshipped Ignis.
Ignis was extremely pleased with you.
You visited 1 branch of the dungeon, and saw 2 of its levels.

You collected 87 gold pieces.

Inventory:

Hand Weapons
 a - a -1 spear of flaming (weapon)
Armour
 b - a +0 robe (worn)
 c - a +0 buckler (worn)
Jewellery
 e - a ring of willpower (left hand)
Scrolls
 f - a scroll of fog
Potions
 g - a potion of curing {unknown}
 h - a potion of mutation {unknown}


   Skills:
 + Level 6.5 Fighting
 + Level 0.8 Short Blades
 + Level 0.8 Long Blades
 + Level 0.8 Axes
 + Level 0.8 Maces & Flails
 + Level 6.5 Polearms
 + Level 0.8 Staves
 + Level 0.8 Slings
 + Level 0.8 Bows
 + Level 0.8 Crossbows
 + Level 0.8 Throwing
 + Level 0.8 Armour
 + Level 0.8 Dodging
 + Level 0.8 Stealth
 + Level 0.8 Shields
 + Level 0.8 Unarmed Combat
 + Level 2.8 Spellcasting
 + Level 0.5 Conjurations
 + Level 0.5 Hexes
 + Level 0.5 Summonings
 + Level 0.5 Necromancy
 + Level 0.5 Translocations
 + Level 0.5 Transmutations
 + Level 5.4 Fire Magic
 + Level 0.5 Ice Magic
 + Level 0.5 Air Magic
 + Level 0.5 Earth Magic
 + Level 0.5 Poison Magic
 + Level 1.0 Invocations
 + Level 0.8 Evocations


You had 7 spell levels left.
You didn't know any spells.
Your spell library contained the following spells:

 Spells                   Type           Power      Damage    Failure   Level
 Scorch                   Fire           30%        2d6       5%          2
 Ozocubu's Armour         Ice            3%         N/A       58%         3
 Metabolic Englaciation   Hex/Ice        1%         N/A       100%        5
 Simulacrum               Ice/Necr       1%         N/A       100%        6


Dungeon Overview and Level Annotations

Branches:
Dungeon (2/15)

Altars:


Innate Abilities, Weirdness & Mutations

You have very sharp teeth.
Your uncanny sense of smell can sniff out nearby items.
Your experience applies equally to all skills.


Message History

The gnoll barely misses you.
You reach to attack!
You hit the gnoll. You burn the gnoll.
The gnoll is heavily wounded.
You reach to attack!
You hit the gnoll. You burn the gnoll.
The gnoll is almost dead.
The gnoll barely misses you.
You reach to attack!
You hit the gnoll but do no damage.
The gnoll is almost dead.
The gnoll hits you from afar with a +0 spear.
You are too injured to fight recklessly!
You are too injured to fight recklessly!
You are too injured to fight recklessly!
You are too injured to fight recklessly!
The gnoll hits you with a +0 spear.
* * * LOW HITPOINT WARNING * * *
Things that are here:
a +0 club; a gnoll corpse You hit the gnoll but do no damage.
The gnoll is almost dead.
The gnoll barely misses you.
You hit the gnoll but do no damage.
The gnoll is almost dead.
The gnoll hits you with a +0 spear.
* * * LOW HITPOINT WARNING * * *
The rat closely misses you.
You hit the gnoll. You burn the gnoll.
You kill the gnoll!
You block the rat's attack.
Your Invocations skill increases to level 1!
You barely miss the gnoll. You block the gnoll's attack.
You hit the gnoll but do no damage. You bite the gnoll, but do no damage.
The rat bites you but does no damage. The gnoll barely misses you.
You hit the gnoll but do no damage. You bite the gnoll, but do no damage.
The rat barely misses you. The gnoll hits you with a +0 whip.
* * * LOW HITPOINT WARNING * * *
You hit the gnoll. You burn the gnoll.
The gnoll is moderately wounded.
A quokka comes into view.
The rat closely misses you. The gnoll hits you with a +0 whip.
You die...

.# .# .# ##.#
..r#####.
#.......
#g#.r. #@#.##
#.r..#
##.(..###
#.......#
#.......#
#.......# ...
#######.....##
#.#
............#
#.#
#######.###.#
∆ #.#


You could see a gnoll, a quokka (wandering) and a rat.

Vanquished Creatures
  2 gnolls (D:2)
  A worm (D:2)
  A dart slug (D:1)
  An endoplasm (D:1)
  3 goblins
  3 quokkas (D:1)
  2 ball pythons (D:1)
  3 bats
  A frilled lizard (D:1)
  2 kobolds
  A rat (D:1)
20 creatures vanquished.

Vanquished Creatures (others)
  5 fungi (D:1)
  4 plants (D:1)
9 creatures vanquished.

Grand Total: 29 creatures vanquished

Notes
Turn   | Place    | Note
-------+----------+-------------------------------------------
     0 | D:1      | RUZZLEFAZAZZLE the Gnoll Cinder Acolyte began the quest for
                  | the Orb.
     0 | D:1      | Reached XP level 1. HP: 23/23 MP: 4/4
   351 | D:1      | Reached XP level 2. HP: 29/29 MP: 5/5
   988 | D:1      | Found a faded altar of an unknown god.
  1264 | D:2      | Reached XP level 3. HP: 19/35 MP: 7/7
  1272 | D:2      | Reached skill level 1 in Invocations
  1275 | D:2      | Slain by a gnoll

Illustrated notes

Levels and vault maps discovered:
D:1:      dpeg_arrival_brainrot, layout_basic,
          shapermc_ecumenical_altar_hornbeckon
D:2:      minmay_spotlight, layout_loops_ring, basic_altar

Skill      XL: |  1  2  3 |
---------------+----------+-----
Invocations    | 1 |  1.0
Fighting       | |  6.5
Short Blades   | |  0.8
Long Blades    | |  0.8
Axes           | |  0.8
Maces & Flails | |  0.8
Polearms       | |  6.5
Staves         | |  0.8
Slings         | |  0.8
Bows           | |  0.8
Crossbows      | |  0.8
Throwing       | |  0.8
Armour         | |  0.8
Dodging        | |  0.8
Stealth        | |  0.8
Shields        | |  0.8
Unarmed Combat | |  0.8
Spellcasting   | |  2.8
Conjurations   | |  0.5
Hexes          | |  0.5
Summonings     | |  0.5
Necromancy     | |  0.5
Translocations | |  0.5
Transmutations | |  0.5
Fire Magic     | |  5.4
Ice Magic      | |  0.5
Air Magic      | |  0.5
Earth Magic    | |  0.5
Poison Magic   | |  0.5
Evocations     | |  0.8

Action                   || total
-------------------------++-------
Melee: Spear             ||    72
       Bite              ||     4
  Use: Scroll            ||     2
 Stab: Sleeping          ||     1
Armor: Robe              ||     7
Dodge: Dodged            ||    20
Block: Buckler           ||     9
